 Dungeon Crawl Stone Soup version 0.25.1-8-g42b30a86e7 (webtiles) character file.

Game seed: 10968933931241193490

27 melloss the Sneak (level 2, -1/13 HPs)
             Began as a Spriggan Enchanter on Dec 11, 2020.
             Slain by a leopard gecko (4 damage)
             ... on level 1 of the Dungeon.
             The game lasted 00:03:49 (1547 turns).

melloss the Sneak (Spriggan Enchanter)              Turns: 1547, Time: 00:03:50

Health: -1/13      AC:  2    Str:  4    XL:     2   Next: 93%
Magic:  6/6        EV: 18    Int: 16    God:
Gold:   29         SH:  0    Dex: 16    Spells: 5/6 levels left

rFire    . . .     SeeInvis +   a - +1 dagger
rCold    . . .     Gourm    .   (shield restricted)
rNeg     . . .     Faith    .   h - +0 robe (curse)
rPois    .         Spirit   .   (helmet restricted)
rElec    .         Reflect  .   (no cloak)
rCorr    .         Harm     .   (gloves unavailable)
MR       .....                  (boots unavailable)
Stlth    +++.......             (no amulet)
HPRegen  0.04/turn              (no ring)
MPRegen  0.10/turn              (no ring)

@: very quick
A: very small, unfitting armour, see invisible, herbivore, speed 3, slow
metabolism 2
a: no special abilities


You were on level 1 of the Dungeon.
You were not hungry.

You visited 1 branch of the dungeon, and saw 2 of its levels.

You collected 29 gold pieces.

Inventory:

Hand Weapons
 a - a +1 dagger (weapon)
 b - a +2 spear of venom
Armour
 e - a +0 robe
 h - a cursed +0 robe (worn)
Jewellery
 f - an uncursed amulet of reflection {unknown}
Scrolls
 c - a scroll of enchant armour {unknown}
 g - a scroll of blinking {unknown}
Comestibles
 d - a ration


   Skills:
 + Level 2.4 Short Blades
 - Level 3.0 Dodging
 + Level 5.5 Stealth
 - Level 2.6 Spellcasting
 - Level 3.6 Hexes


You had 5 spell levels left.
You knew the following spells:

 Your Spells              Type           Power        Failure   Level  Hunger
a - Corona                Hex            ##.....      4%          1    #......

Your spell library contained the following spells:

 Spells                   Type           Power        Failure   Level  Hunger
 Confusing Touch          Hex            ##......     13%         3    ###....
 Tukima's Dance           Hex            ##......     13%         3    ###....
 Ensorcelled Hibernation  Hex/Ice        #.....       14%         2    ##.....
 Dazzling Flash           Conj/Hex       #.....       28%         3    ###....


Dungeon Overview and Level Annotations

Branches:
Dungeon (2/15)

Altars:


Innate Abilities, Weirdness & Mutations

You are very small and have problems with some larger weapons.
You are too small for most types of armour.
You have supernaturally acute eyesight. (SInv)
You are a herbivore.
You cover ground extremely quickly.
You need to consume almost no food.


Message History

The helpless bat fails to defend itself.
You hit the bat.
You kill the bat!
The leopard gecko is too close now for your liking.
You closely miss the leopard gecko.
The leopard gecko hisses angrily.
The leopard gecko bites you. The leopard gecko closely misses you.
You barely miss the leopard gecko.
The leopard gecko completely misses you.
You barely miss the leopard gecko. The leopard gecko bites you.
You hit the leopard gecko but do no damage.
The leopard gecko bites you.
* * * LOW HITPOINT WARNING * * *
The leopard gecko misses you.
You miss the leopard gecko. The leopard gecko barely misses you.
The leopard gecko misses you.
Your +2 spear of venom stops dripping with poison.
a - a +1 dagger (weapon)
You closely miss the leopard gecko. The leopard gecko bites you.
You die...

#.##.##.##. ..#
##.#........ ...
........# # ..#
.#.#..#.# #.. #.#
.#.#..#†# #..###.# #
.#.#....# #......##.#
.#.##.######........#
.#...........###l####
.####.######.# #@# .#
#.# #.###.###### .#
#.# #............ .#
#.### #.###.######.
.# #...# #.###.### .#
#.#.####........ ##
#.#..........###
#.############ ###


You could see a leopard gecko.

Vanquished Creatures
  An ooze (D:1)
  4 bats (D:1)
  A giant cockroach (D:1)
  2 goblins (D:1)
  4 hobgoblins (D:1)
  5 kobolds (D:1)
  3 frilled lizards (D:1)
  A rat (D:1)
21 creatures vanquished.

Notes
Turn   | Place    | Note
-------+----------+-------------------------------------------
     0 | D:1      | melloss the Spriggan Enchanter began the quest for the Orb.
     0 | D:1      | Reached XP level 1. HP: 9/9 MP: 5/5
    66 | D:1      | Reached XP level 2. HP: 13/13 MP: 6/6
    88 | D:1      | Reached skill level 5 in Stealth
  1547 | D:1      | Slain by a leopard gecko

Illustrated notes

Levels and vault maps discovered:
D:1:      wheals_arrival_shading, layout_basic
D:2:      layout_rooms, kennysheep_cross_bottleneck,
          nicolae_dithmenos_through_a_glass_darkly

Skill      XL: |  1  2 |
---------------+-------+-----
Stealth        | 5 |  5.5
Short Blades   | 2 |  2.4
Dodging        | |  3.0
Spellcasting   | |  2.6
Hexes          | |  3.6

Action                   || total
-------------------------++-------
Melee: Dagger            ||    68
       Spear             ||    27
 Cast: Corona            ||     1
 Stab: Sleeping          ||     7
Armor: Robe              ||     2
Dodge: Dodged            ||    65
